PAA
ITHACA FIGHTING IMPS @ OLYMPIA OGRES
06/17/2042
 
TOP OF THE 1ST
Ithaca Fighting Imps batting - Pitching for Olympia Ogres : RHP Roble Gichinga
Pitching: RHP Roble Gichinga
Batting: RHB Daryl Pethick 0-0: SINGLE (Groundball, 56, EV 85.6 MPH) (infield hit)
Batting: LHB Pedro Gonzáles 0-0: Ball
Daryl Pethick is caught stealing 2nd base 2-6
1-0: Ball
2-0: Ball
3-0: Called Strike
3-1: Foul Ball, location: 2F
3-2: Ground out 6-3 (Groundball, 6, EV 85.0 MPH)
Batting: RHB Aloysius Szymanski 0-0: Swinging Strike
0-1: Swinging Strike
0-2: Strikes out swinging
Top of the 1st over - 0 runs, 1 hit, 0 errors, 0 left on base; Ithaca 0 - Olympia 0
BOTTOM OF THE 1ST
Olympia Ogres batting - Pitching for Ithaca Fighting Imps : RHP Surya Prawiranega
Pitching: RHP Surya Prawiranega
Batting: LHB Jorge Mejía 0-0: Called Strike
0-1: Foul Ball, location: 2F
0-2: Ball
1-2: Ball
2-2: Ball
3-2: Fly out, F1 (Line Drive, P, EV 61.2 MPH)
Batting: RHB Paul Stark 0-0: Swinging Strike
0-1: SINGLE (Groundball, 6, EV 86.2 MPH) (infield hit)
Batting: LHB Sariyah Fateen 0-0: Ball
1-0: Ball
2-0: Ball
3-0: Base on Balls
Paul Stark to second
Batting: RHB Pepe Savinon 0-0: Ball
1-0: Called Strike
1-1: Grounds into double play, 6-4-3 (Groundball, 6, EV 79.4 MPH)
Bottom of the 1st over - 0 runs, 1 hit, 0 errors, 1 left on base; Ithaca 0 - Olympia 0
TOP OF THE 2ND
Ithaca Fighting Imps batting - Pitching for Olympia Ogres : RHP Roble Gichinga
Batting: SHB Paul Wood 0-0: Called Strike
0-1: Ball
1-1: Foul Ball, location: 2F
1-2: Foul Ball, location: 2F
1-2: Strikes out swinging
Batting: LHB Robbie Care 0-0: Called Strike
0-1: Ground out 1-3 (Groundball, 13S, EV 63.1 MPH)
Batting: LHB Jimmy Wilcox 0-0: Foul Ball, location: 2F
0-1: Called Strike
0-2: Ball
1-2: SINGLE (Groundball, 6MD, EV 95.0 MPH)
Batting: RHB J.J. Holmes 0-0: Called Strike
Jimmy Wilcox steals 2nd base
0-1: Ball
1-1: Called Strike
1-2: Ground out 6-3 (Groundball, 6M, EV 103.8 MPH)
Top of the 2nd over - 0 runs, 1 hit, 0 errors, 1 left on base; Ithaca 0 - Olympia 0
BOTTOM OF THE 2ND
Olympia Ogres batting - Pitching for Ithaca Fighting Imps : RHP Surya Prawiranega
Batting: LHB Aniq bin Mu'ayyad 0-0: Foul Ball, location: 2F
0-1: Ball
1-1: Called Strike
1-2: Fly out, F9 (Flyball, 89D, EV 98.1 MPH)
Batting: SHB Nathan Brannon 0-0: SINGLE (Line Drive, 8RS, EV 111.2 MPH)
Batting: RHB Gyoo-jae Kil 0-0: Called Strike
0-1: Ball
1-1: SINGLE (Line Drive, 34, EV 100.6 MPH)
Nathan Brannon to second
Runner from 2nd tries for 3rd, SAFE, throw by RF made to third
Batting: RHB Donald Boyd 0-0: Ball
1-0: Called Strike
1-1: Swinging Strike
1-2: Ball
Gyoo-jae Kil is caught stealing 2nd base 2-4
2-2: Ball
3-2: Ground out 5-3 (Groundball, 56, EV 105.6 MPH)
Bottom of the 2nd over - 0 runs, 2 hits, 0 errors, 1 left on base; Ithaca 0 - Olympia 0
TOP OF THE 3RD
Ithaca Fighting Imps batting - Pitching for Olympia Ogres : RHP Roble Gichinga
Batting: RHB Everett Garland 0-0: Swinging Strike
0-1: Ball
1-1: Swinging Strike
1-2: Foul Ball, location: 2F
1-2: Ball
2-2: Ball
3-2: Base on Balls
Batting: RHB Pedro Costa 0-0: Called Strike
0-1: Ball
1-1: Foul Ball, location: 2F
1-2: Ball
2-2: SINGLE (Groundball, 56D, EV 108.1 MPH)
Everett Garland to second
Batting: RHB Daryl Pethick 0-0: Called Strike
0-1: Grounds into double play, 4-6-3 (Groundball, 34, EV 110.6 MPH)
Everett Garland to third
Batting: LHB Pedro Gonzáles 0-0: Ball
1-0: Foul Ball, location: 2F
1-1: Ground out 4-3 (Groundball, 4, EV 94.4 MPH)
Top of the 3rd over - 0 runs, 1 hit, 0 errors, 1 left on base; Ithaca 0 - Olympia 0
BOTTOM OF THE 3RD
Olympia Ogres batting - Pitching for Ithaca Fighting Imps : RHP Surya Prawiranega
Batting: RHB Alfonso Pereyra 0-0: SINGLE (Groundball, 34D, EV 95.6 MPH)
Batting: LHB Jorge Mejía 0-0: Foul Ball, location: 2F
0-1: Fielders Choice at 2nd, 4-6 (Groundball, 34, EV 80.6 MPH)
Batting: RHB Paul Stark 0-0: Ball
1-0: Swinging Strike
1-1: Foul Ball, location: 2F
1-2: Ball
2-2: Ball
3-2: Strikes out swinging
Jorge Mejía steals 2nd base
Batter strikes out.
Batting: LHB Sariyah Fateen 0-0: Ground out 1-3 (Groundball, 23, EV 80.6 MPH)
Bottom of the 3rd over - 0 runs, 1 hit, 0 errors, 1 left on base; Ithaca 0 - Olympia 0
TOP OF THE 4TH
Ithaca Fighting Imps batting - Pitching for Olympia Ogres : RHP Roble Gichinga
Batting: RHB Aloysius Szymanski 0-0: Ball
1-0: Foul Ball, location: 2F
1-1: Ball
2-1: Foul Ball, location: 2F
2-2: Fly out, F7 (Flyball, 7, EV 81.2 MPH)
Batting: SHB Paul Wood 0-0: Foul Ball, location: 2F
0-1: Foul Ball, location: 2F
0-2: Strikes out swinging
Batting: LHB Robbie Care 0-0: Fly out, F8 (Flyball, 8LXD, EV 102.5 MPH)
Top of the 4th over - 0 runs, 0 hits, 0 errors, 0 left on base; Ithaca 0 - Olympia 0
BOTTOM OF THE 4TH
Olympia Ogres batting - Pitching for Ithaca Fighting Imps : RHP Surya Prawiranega
Batting: RHB Pepe Savinon 0-0: Ball
1-0: SINGLE (Groundball, 6MD, EV 100.0 MPH)
Batting: LHB Aniq bin Mu'ayyad 0-0: Fielders Choice at 2nd, 5-4 (Groundball, 56, EV 80.0 MPH)
Batting: SHB Nathan Brannon 0-0: Called Strike
0-1: Ball
1-1: Foul Ball, location: 2F
1-2: Fly out, F6 (Line Drive, 6, EV 69.4 MPH)
Batting: RHB Gyoo-jae Kil 0-0: Fly out, F9 (Flyball, 89S, EV 92.5 MPH)
Bottom of the 4th over - 0 runs, 1 hit, 0 errors, 1 left on base; Ithaca 0 - Olympia 0
TOP OF THE 5TH
Ithaca Fighting Imps batting - Pitching for Olympia Ogres : RHP Roble Gichinga
Batting: LHB Jimmy Wilcox 0-0: Called Strike
0-1: Ball
1-1: Swinging Strike
1-2: Foul Ball, location: 2F
1-2: Ball
2-2: Ball
3-2: Base on Balls
Batting: RHB J.J. Holmes 0-0: Ball
Jimmy Wilcox is caught stealing 2nd base 2-4
1-0: Ball
2-0: Ball
3-0: Called Strike
3-1: Swinging Strike
3-2: Foul Ball, location: 2F
3-2: Base on Balls
Batting: RHB Everett Garland 0-0: Hit by Pitch
J.J. Holmes to second
Batting: RHB Pedro Costa 0-0: Ball
1-0: Swinging Strike
1-1: Fly out, F8 (Flyball, 8RD, EV 88.1 MPH)
Batting: RHB Daryl Pethick 0-0: 3-RUN HOME RUN (Flyball, 78XD, EV 106.2 MPH), Distance : 401 ft
Batting: LHB Pedro Gonzáles 0-0: Ball
1-0: Foul Ball, location: 2F
1-1: Swinging Strike
1-2: Fly out, F5 (Popup, 56, EV 71.2 MPH)
Top of the 5th over - 3 runs, 1 hit, 0 errors, 0 left on base; Ithaca 3 - Olympia 0
BOTTOM OF THE 5TH
Olympia Ogres batting - Pitching for Ithaca Fighting Imps : RHP Surya Prawiranega
Batting: RHB Donald Boyd 0-0: Called Strike
0-1: Ball
1-1: Foul Ball, location: 2F
1-2: Foul Ball, location: 2F
1-2: Ball
2-2: Foul Ball, location: 2F
2-2: Foul Ball, location: 2F
2-2: Foul Ball, location: 2F
2-2: Foul Ball, location: 2F
2-2: Ground out 6-3 (Groundball, 6, EV 90.0 MPH)
Batting: RHB Alfonso Pereyra 0-0: Called Strike
0-1: Swinging Strike
0-2: Fly out, F8 (Flyball, 8RM, EV 82.5 MPH)
Batting: LHB Jorge Mejía 0-0: Foul Ball, location: 2F
0-1: Ball
1-1: Ball
2-1: Ground out U3 (Groundball, 3L, EV 100.0 MPH)
Bottom of the 5th over - 0 runs, 0 hits, 0 errors, 0 left on base; Ithaca 3 - Olympia 0
TOP OF THE 6TH
Ithaca Fighting Imps batting - Pitching for Olympia Ogres : RHP Roble Gichinga
Batting: RHB Aloysius Szymanski 0-0: Foul Ball, location: 2F
0-1: Ball
1-1: Swinging Strike
1-2: Fly out, F8 (Flyball, 89D, EV 108.8 MPH)
Batting: SHB Paul Wood 0-0: Ball
1-0: Swinging Strike
1-1: Called Strike
1-2: Ball
2-2: Foul Ball, location: 2F
2-2: Ball
3-2: Foul Ball, location: 2F
3-2: Base on Balls
Batting: LHB Robbie Care 0-0: Ball
1-0: Foul Ball, location: 2F
1-1: Ball
2-1: Foul Ball, location: 2F
2-2: Ball
3-2: Base on Balls
Paul Wood to second
Batting: LHB Jimmy Wilcox 0-0: Called Strike
0-1: Called Strike
0-2: Ball
1-2: Strikes out looking
Batting: RHB J.J. Holmes 0-0: Ball
1-0: Foul Ball, location: 2F
1-1: Swinging Strike
1-2: Fly out, F8 (Flyball, 8LXD, EV 77.5 MPH)
Top of the 6th over - 0 runs, 0 hits, 0 errors, 2 left on base; Ithaca 3 - Olympia 0
BOTTOM OF THE 6TH
Olympia Ogres batting - Pitching for Ithaca Fighting Imps : RHP Surya Prawiranega
Batting: RHB Paul Stark 0-0: Called Strike
0-1: Ball
1-1: Ball
2-1: Foul Ball, location: 2F
2-2: SINGLE (Flyball, 9S, EV 86.2 MPH)
Batting: LHB Sariyah Fateen 0-0: Ball
1-0: Fly out, F9 (Flyball, 9, EV 93.1 MPH)
Batting: RHB Pepe Savinon 0-0: Foul Ball, location: 2F
0-1: Ball
1-1: Foul Ball, location: 2F
1-2: Fielders Choice at 2nd, 5-4 (Groundball, 56S, EV 82.5 MPH)
Batting: LHB Aniq bin Mu'ayyad 0-0: SINGLE (Groundball, 5D, EV 95.6 MPH)
Pepe Savinon to second
Runner from 2nd tries for 3rd, SAFE, throw by LF made to third
Batting: SHB Nathan Brannon 0-0: Ball
1-0: Swinging Strike
1-1: Ball
Wild Pitch!
Pepe Savinon scores
Aniq bin Mu'ayyad to second
2-1: SINGLE (Groundball, 3D, EV 106.9 MPH)
Aniq bin Mu'ayyad to third
Runner from 3rd tries for Home, SAFE, no throw by RF
Batting: RHB Gyoo-jae Kil 0-0: Ball
1-0: Ball
Passed Ball!
Nathan Brannon to second
2-0: Called Strike
2-1: Foul Ball, location: 2F
2-2: Foul Ball, location: 2F
2-2: Strikes out looking
Bottom of the 6th over - 2 runs, 3 hits, 0 errors, 1 left on base; Ithaca 3 - Olympia 2
TOP OF THE 7TH
Ithaca Fighting Imps batting - Pitching for Olympia Ogres : RHP Roble Gichinga
Pitching: LHP Roberto Sáenz
Batting: RHB Everett Garland 0-0: Called Strike
0-1: SINGLE (Groundball, 56D, EV 100.0 MPH)
Batting: RHB Pedro Costa 0-0: Sac Bunt - play at second, runner OUT -> throw to first, DP!
Batting: RHB Daryl Pethick 0-0: Called Strike
0-1: SINGLE (Groundball, 56D, EV 94.4 MPH)
Batting: LHB Pedro Gonzáles 0-0: Swinging Strike
Passed Ball!
Daryl Pethick to second
0-1: Swinging Strike
0-2: Strikes out swinging
Top of the 7th over - 0 runs, 2 hits, 0 errors, 1 left on base; Ithaca 3 - Olympia 2
BOTTOM OF THE 7TH
Olympia Ogres batting - Pitching for Ithaca Fighting Imps : RHP Surya Prawiranega
Batting: RHB Donald Boyd 0-0: Ball
1-0: Ball
2-0: Called Strike
2-1: Ball
3-1: Base on Balls
Batting: RHB Alfonso Pereyra 0-0: Bunted foul
0-1: Bunted foul
0-2: Ball
1-2: Fly out, F8 (Flyball, 8LD, EV 94.4 MPH)
Pitching: RHP Don Murray
Batting: LHB Jorge Mejía 0-0: Called Strike
0-1: Called Strike
0-2: Ball
1-2: SINGLE (Groundball, 25, EV 67.5 MPH) (infield hit)
Donald Boyd to second
Batting: RHB Paul Stark 0-0: Foul Ball, location: 2F
0-1: Ball
1-1: Ball
2-1: Swinging Strike
2-2: Ball
3-2: Strikes out swinging
Batting: LHB Sariyah Fateen 0-0: Ball
1-0: Called Strike
1-1: Ball
2-1: Ball
3-1: Foul Ball, location: 2F
3-2: Strikes out swinging
Bottom of the 7th over - 0 runs, 1 hit, 0 errors, 2 left on base; Ithaca 3 - Olympia 2
TOP OF THE 8TH
Ithaca Fighting Imps batting - Pitching for Olympia Ogres : LHP Roberto Sáenz
Batting: RHB Aloysius Szymanski 0-0: Foul Ball, location: 2F
0-1: Ball
1-1: Foul Ball, location: 2F
1-2: Ball
2-2: Fly out, F4 (Flyball, 4D, EV 79.4 MPH)
Batting: SHB Paul Wood 0-0: Called Strike
0-1: Ball
1-1: Ball
2-1: Ground out 3-1 (Groundball, 34, EV 98.1 MPH)
Batting: LHB Robbie Care 0-0: Ball
1-0: Foul Ball, location: 2F
1-1: Ball
2-1: Ball
3-1: SOLO HOME RUN (Flyball, 7D, EV 98.8 MPH), Distance : 351 ft
Batting: LHB Jimmy Wilcox 0-0: Foul Ball, location: 2F
0-1: DOUBLE (Groundball, 5L, EV 103.8 MPH)
Batting: RHB J.J. Holmes 0-0: Swinging Strike
0-1: Fly out, F9 (Flyball, 9D, EV 100.6 MPH)
Top of the 8th over - 1 run, 2 hits, 0 errors, 1 left on base; Ithaca 4 - Olympia 2
BOTTOM OF THE 8TH
Olympia Ogres batting - Pitching for Ithaca Fighting Imps : RHP Don Murray
Batting: RHB Pepe Savinon 0-0: Ground out 6-3 (Groundball, 6, EV 99.4 MPH)
Batting: LHB Aniq bin Mu'ayyad 0-0: Foul Ball, location: 2F
0-1: Ball
1-1: SOLO HOME RUN (Flyball, 9LD, EV 91.9 MPH), Distance : 345 ft
Batting: SHB Nathan Brannon 0-0: Called Strike
0-1: Foul Ball, location: 2F
0-2: Ball
1-2: Ball
2-2: Foul Ball, location: 2F
2-2: Ground out 4-3 (Groundball, 34S, EV 89.4 MPH)
Batting: RHB Gyoo-jae Kil 0-0: Fly out, F8 (Flyball, 89D, EV 85.0 MPH)
Bottom of the 8th over - 1 run, 1 hit, 0 errors, 0 left on base; Ithaca 4 - Olympia 3
TOP OF THE 9TH
Ithaca Fighting Imps batting - Pitching for Olympia Ogres : LHP Roberto Sáenz
Batting: RHB Everett Garland 0-0: Called Strike
0-1: Ball
1-1: Foul Ball, location: 2F
1-2: Strikes out swinging
Batting: RHB Pedro Costa 0-0: SINGLE (Line Drive, 89S, EV 99.4 MPH)
Batting: RHB Daryl Pethick 0-0: Swinging Strike
0-1: Fly out, F7 (Flyball, 7, EV 95.0 MPH)
Batting: LHB Pedro Gonzáles 0-0: Called Strike
0-1: Called Strike
0-2: Ball
1-2: Ball
2-2: Ball
3-2: Foul Ball, location: 2F
3-2: Ground out 6-3 (Groundball, 6M, EV 106.2 MPH)
Top of the 9th over - 0 runs, 1 hit, 0 errors, 1 left on base; Ithaca 4 - Olympia 3
BOTTOM OF THE 9TH
Olympia Ogres batting - Pitching for Ithaca Fighting Imps : RHP Don Murray
Pinch Hitting: LHB Ramón Vegerano 0-0: Ball
1-0: Fly out, F8 (Flyball, 8RM, EV 79.4 MPH)
Pinch Hitting: LHB Jeffery Smith 0-0: Foul Ball, location: 2F
0-1: Fly out, F6 (Popup, P, EV 84.4 MPH)
Batting: LHB Jorge Mejía 0-0: Ball
1-0: SINGLE (Groundball, 4D, EV 102.5 MPH)
Batting: RHB Paul Stark 0-0: Swinging Strike
0-1: Ball
1-1: Ball
2-1: Foul Ball, location: 2F
2-2: Strikes out swinging
Bottom of the 9th over - 0 runs, 1 hit, 0 errors, 1 left on base; Ithaca 4 - Olympia 3
Friday, March 26th, 2021 - OOTP Baseball 20.8 Build 74